[Event "IV Muhamedzjanov Memorial "]
[Site "Naberezhnye Chelny"]
[Date "2007.06.11"]
[Round "1"]
[White "Balashov, Yuri"]
[Black "Markosian, David"]
[Result "1-0"]
[ECO "A46"]
[WhiteElo "2467"]
[BlackElo "2352"]
[PlyCount "77"]
[TimeControl "300"]

{48MB, Shredder9.ctg, COMPUTER} 1. Nf3 Nf6 2. d4 d6 3. Bf4 g6 4. e3 Bg7 5. h3
O-O 6. Be2 c5 7. c3 Nc6 8. O-O cxd4 9. cxd4 Bf5 10. Nc3 Qb6 11. d5 Nb4 12. Nd4
Bd7 13. Bf3 Rfc8 14. Qd2 a5 15. a4 Ne8 16. Rfd1 Nc7 17. Nde2 Nca6 18. e4 Nc5
19. Nc1 Qd8 20. Ra3 Qe8 21. Bg4 h5 22. Bxd7 Qxd7 23. Qe2 Re8 24. Be3 Rec8 25.
Bd4 Nca6 26. Bxg7 Kxg7 27. Nb3 Nc5 28. Nd4 Nca6 29. Ncb5 Rc5 30. Rg3 Rh8 31.
Nc3 Rcc8 32. e5 dxe5 33. Qxe5+ Kh7 34. Rf3 Rhf8 35. g4 h4 36. Qg5 Nc5 37. Qxh4+
Kg7 38. Nf5+ gxf5 39. gxf5 1-0

[Event "IV Muhamedzjanov Memorial "]
[Site "Naberezhnye Chelny"]
[Date "2007.06.11"]
[Round "1"]
[White "Zubarev, Alexander"]
[Black "Zhidkov, Valery"]
[Result "1-0"]
[ECO "C55"]
[WhiteElo "2511"]
[BlackElo "2351"]
[PlyCount "95"]
[TimeControl "300"]

{48MB, Shredder9.ctg, COMPUTER} 1. e4 e5 2. Nf3 Nc6 3. Bc4 Nf6 4. d3 h6 5. O-O
d6 6. c3 g6 7. a4 Bg7 8. a5 a6 9. Re1 O-O 10. Nbd2 Nh5 11. Nf1 Nf4 12. d4 Qf6
13. Bxf4 Qxf4 14. Ne3 Qf6 15. dxe5 Nxe5 16. Nxe5 Qxe5 17. Nd5 Rb8 18. f4 Qe8
19. f5 Kh7 20. Qf3 Qe5 21. Kh1 Bd7 22. Rad1 Rbe8 23. Bd3 Bc6 24. Re2 Bxd5 25.
exd5 Qf6 26. Rf1 Rxe2 27. Qxe2 g5 28. Re1 Kg8 29. Qf3 Rb8 30. Qg4 Qd8 31. f6
Qxf6 32. Qd7 Qd8 33. Qf5 Qc8 34. Qh7+ Kf8 35. Rf1 Qd7 36. Bg6 Re8 37. Bxf7 Qxf7
38. Rxf7+ Kxf7 39. Kg1 Re2 40. b4 Re3 41. c4 Re5 42. Kf2 c6 43. dxc6 bxc6 44.
Qd3 Re6 45. Kg3 Be5+ 46. Kg4 Kg7 47. g3 Re7 48. Kh5 1-0

[Event "IV Muhamedzjanov Memorial "]
[Site "IV Muhamedzjanov Memorial "]
[Date "2007.06.11"]
[Round "1"]
[White "Alavkin, Arseny"]
[Black "Akhmadeev, Vadim"]
[Result "0-1"]
[ECO "B52"]
[WhiteElo "2493"]
[BlackElo "2430"]
[PlyCount "106"]
[TimeControl "300"]

{48MB, Shredder9.ctg, COMPUTER} 1. e4 c5 2. Nf3 d6 3. Bb5+ Bd7 4. Bxd7+ Qxd7 5.
O-O Nf6 6. Qe2 Nc6 7. Rd1 g6 8. c3 Bg7 9. d4 cxd4 10. cxd4 d5 11. e5 Ne4 12.
Be3 O-O 13. Ne1 f6 14. f3 Ng5 15. Nc3 Ne6 16. Nc2 Rad8 17. f4 f5 18. Rd3 Rc8
19. Rf1 a6 20. Kh1 b5 21. Bg1 Bh6 22. Be3 Bg7 23. Bg1 Bh6 24. g3 Bg7 25. Qg2
Nc7 26. Na1 Na5 27. b3 Nc6 28. Nc2 e6 29. Ne2 b4 30. Ne3 Nb5 31. h3 Ne7 32. g4
Kh8 33. Bf2 Rc7 34. Rg1 Qc8 35. Bh4 Rf7 36. Bxe7 Rfxe7 37. gxf5 gxf5 38. h4 Bh6
39. Qf3 Rg7 40. Qh5 Rxg1+ 41. Kxg1 Rg7+ 42. Kf2 Rg6 43. Qf3 Qd8 44. Qh3 Rg8 45.
Kf3 Qc8 46. h5 Nc3 47. Nxc3 bxc3 48. Qh2 Rg4 49. Qc2 Rxf4+ 50. Ke2 Re4 51. Kf3
Qe8 52. Rxc3 Qxh5+ 53. Kg2 Bxe3 0-1

[Event "IV Muhamedzjanov Memorial "]
[Site "Naberezhnye Chelny"]
[Date "2007.06.11"]
[Round "1"]
[White "Andreev, Eduard"]
[Black "Vorontsov, Nickolay"]
[Result "1/2-1/2"]
[ECO "B12"]
[WhiteElo "2433"]
[BlackElo "2300"]
[PlyCount "111"]
[TimeControl "300"]

{48MB, Shredder9.ctg, COMPUTER} 1. e4 c6 2. d4 d5 3. e5 Bf5 4. Nd2 e6 5. Nb3
Nd7 6. Nf3 Ne7 7. Be2 Bg6 8. O-O Nf5 9. c3 Be7 10. g4 Nh4 11. Nxh4 Bxh4 12. f4
f5 13. exf6 Bxf6 14. Bd3 Bxd3 15. Qxd3 O-O 16. g5 Be7 17. Qe2 Rf7 18. Qxe6 Nf8
19. Qg4 Bd6 20. Bd2 Ng6 21. f5 Qd7 22. h3 Ne7 23. f6 Qxg4+ 24. hxg4 Ng6 25.
Rae1 Raf8 26. Re6 Bc7 27. Nc5 Bb6 28. b4 Bxc5 29. bxc5 h6 30. gxh6 Rxf6 31.
Rfxf6 Rxf6 32. Rxf6 gxf6 33. Kg2 Kh7 34. Kf3 Nf8 35. g5 Kg6 36. gxf6 Kxf6 37.
Kg4 Kg6 38. Bf4 Nh7 39. Bb8 Nf6+ 40. Kf4 Ne4 41. c4 Nc3 42. cxd5 Nxd5+ 43. Ke5
a5 44. a4 Kxh6 45. Kf5 Kg7 46. Ke6 Kg8 47. Ba7 Nc3 48. Bb6 Nxa4 49. Bxa5 Nb2
50. Bd2 Nd3 51. Be3 Nb4 52. Bf4 Nd5 53. Bd2 Nc7+ 54. Ke5 Kf7 55. Bg5 Ke8 56.
Bd2 1/2-1/2

[Event "IV Muhamedzjanov Memorial "]
[Site "Naberezhnye Chelny"]
[Date "2007.06.11"]
[Round "1"]
[White "Kupreichik, Viktor"]
[Black "Mingachev, Mansur"]
[Result "0-1"]
[ECO "A48"]
[WhiteElo "2402"]
[BlackElo "2402"]
[PlyCount "72"]
[TimeControl "300"]

{48MB, Shredder9.ctg, COMPUTER} 1. Nf3 Nf6 2. d4 g6 3. Bf4 Bg7 4. Nbd2 O-O 5.
e4 d6 6. h3 c5 7. dxc5 dxc5 8. c3 b6 9. Qc2 Bb7 10. Bc4 Nbd7 11. O-O Nh5 12.
Bh2 e5 13. Rfe1 Qe7 14. a4 Kh8 15. a5 f5 16. exf5 gxf5 17. axb6 axb6 18. Rxa8
Bxa8 19. Bb5 e4 20. Nc4 f4 21. Nfd2 Ndf6 22. Nxb6 e3 23. Nxa8 Qb7 24. Nc4 Qxb5
25. Nab6 Qc6 26. Qf5 Ne4 27. Qxh5 exf2+ 28. Kf1 fxe1=Q+ 29. Kxe1 f3 30. gxf3
Nf6 31. Qf5 Qe8+ 32. Kd1 Nh5 33. Qg4 Nf6 34. Qg2 Nd7 35. Nd5 Qa8 36. Nce3 c4
0-1

[Event "IV Muhamedzjanov Memorial "]
[Site "Naberezhnye Chelny"]
[Date "2007.06.12"]
[Round "2"]
[White "Markosian, David"]
[Black "Andreev, Eduard"]
[Result "1/2-1/2"]
[ECO "C00"]
[WhiteElo "2352"]
[BlackElo "2433"]
[PlyCount "40"]
[TimeControl "300"]

{48MB, Shredder9.ctg, COMPUTER} 1. e4 e6 2. d3 d5 3. Nd2 Nf6 4. Ngf3 b6 5. c3
Be7 6. Qa4+ c6 7. e5 Nfd7 8. Qg4 O-O 9. d4 f5 10. Qh5 Qe8 11. Qxe8 Rxe8 12. h4
Ba6 13. a3 Bxf1 14. Nxf1 c5 15. Bg5 Bf8 16. Ne3 Nc6 17. h5 Rac8 18. Ke2 Rc7 19.
h6 g6 20. g4 fxg4 1/2-1/2

[Event "IV Muhamedzjanov Memorial "]
[Site "CCC"]
[Date "2007.06.12"]
[Round "2"]
[White "Zhidkov, Valery"]
[Black "Mingachev, Mansur"]
[Result "1/2-1/2"]
[ECO "D78"]
[WhiteElo "2351"]
[BlackElo "2402"]
[PlyCount "43"]
[TimeControl "300"]

{48MB, Shredder9.ctg, COMPUTER} 1. Nf3 Nf6 2. g3 g6 3. Bg2 Bg7 4. O-O O-O 5. d4
d5 6. Nbd2 c6 7. c4 Nbd7 8. b3 b6 9. Bb2 Bb7 10. Qc2 Rc8 11. e4 dxe4 12. Nxe4
Nxe4 13. Qxe4 e6 14. Rad1 Qc7 15. Qe2 c5 16. dxc5 Nxc5 17. Bxg7 Kxg7 18. Rd4
Rcd8 19. Rfd1 Rxd4 20. Rxd4 Rd8 21. Qd2 Rxd4 22. Qxd4+ 1/2-1/2

[Event "IV Muhamedzjanov Memorial "]
[Site "CCC"]
[Date "2007.06.12"]
[Round "2"]
[White "Vorontsov, Nickolay"]
[Black "Kupreichik, Viktor"]
[Result "1/2-1/2"]
[ECO "B70"]
[WhiteElo "2300"]
[BlackElo "2402"]
[PlyCount "41"]
[TimeControl "300"]

{48MB, Shredder9.ctg, COMPUTER} 1. e4 c5 2. Nf3 Nc6 3. d4 cxd4 4. Nxd4 Nf6 5.
Nc3 d6 6. Be2 g6 7. O-O Bg7 8. Nb3 O-O 9. Bg5 a5 10. a4 Be6 11. Kh1 Rc8 12. f4
Nb4 13. Nd4 Bc4 14. Ndb5 d5 15. e5 Ne4 16. Bxc4 Rxc4 17. Nxe4 dxe4 18. c3 Qxd1
19. Raxd1 f6 20. b3 fxg5 21. bxc4 1/2-1/2

[Event "IV Muhamedzjanov Memorial "]
[Site "Naberezhnye Chelny"]
[Date "2007.06.12"]
[Round "2"]
[White "Akhmadeev, Vadim"]
[Black "Balashov, Yuri"]
[Result "0-1"]
[ECO "A40"]
[WhiteElo "2430"]
[BlackElo "2467"]
[PlyCount "82"]
[TimeControl "300"]

{48MB, Shredder9.ctg, COMPUTER} 1. d4 e6 2. c4 Bb4+ 3. Bd2 a5 4. g3 d5 5. cxd5
exd5 6. Bxb4 axb4 7. Bg2 Ne7 8. Nf3 O-O 9. O-O b6 10. Nbd2 Bf5 11. Nh4 Be6 12.
Qc2 Nbc6 13. e3 Qd6 14. f4 f6 15. f5 Bf7 16. Rfc1 Rfc8 17. Qd3 Na5 18. a3 bxa3
19. Rxa3 c5 20. dxc5 Rxc5 21. Rd1 Rcc8 22. Nhf3 Nac6 23. Rxa8 Rxa8 24. Nd4 Nxd4
25. exd4 Qb4 26. b3 Rc8 27. Nb1 Rc7 28. g4 Nc8 29. Qd2 Qxb3 30. Rc1 Rxc1+ 31.
Qxc1 Nd6 32. Nc3 b5 33. Bf1 h5 34. h3 b4 35. Ne2 Nc4 36. Kf2 Qd3 37. Qf4 b3 38.
Qb8+ Kh7 39. Nf4 Qxd4+ 40. Kg3 Qg1+ 41. Bg2 h4+ 0-1

[Event "IV Muhamedzjanov Memorial "]
[Site "Naberezhnye Chelny"]
[Date "2007.06.12"]
[Round "2"]
[White "Zubarev, Alexander"]
[Black "Alavkin, Arseny"]
[Result "1-0"]
[ECO "B14"]
[WhiteElo "2511"]
[BlackElo "2493"]
[PlyCount "73"]
[TimeControl "300"]

{48MB, Shredder9.ctg, COMPUTER} 1. c4 c6 2. e4 d5 3. exd5 cxd5 4. d4 Nf6 5. Nc3
e6 6. Nf3 Bb4 7. cxd5 Nxd5 8. Qc2 Nc6 9. Bd3 h6 10. O-O O-O 11. a3 Bd6 12. Qe2
Bd7 13. Rd1 Re8 14. Bc2 Bf8 15. Qe4 g6 16. Nxd5 exd5 17. Qxd5 Bg4 18. Qxd8
Raxd8 19. Be3 Bg7 20. Ba4 Re4 21. Bxc6 bxc6 22. h3 Bxf3 23. gxf3 Re6 24. Rac1
f5 25. f4 Kf7 26. Rc4 Red6 27. Kg2 Bf6 28. b4 R8d7 29. Kf3 Rd8 30. Rdc1 Bxd4
31. Rxc6 Bb6 32. a4 Rd3 33. R1c3 Rxc3 34. Rxc3 Rb8 35. b5 Re8 36. Bxb6 axb6 37.
Rc7+ 1-0

[Event "IV Muhamedzjanov Memorial "]
[Site "CCC"]
[Date "2007.06.13"]
[Round "3"]
[White "Mingachev, Mansur"]
[Black "Vorontsov, Nickolay"]
[Result "1/2-1/2"]
[ECO "D00"]
[WhiteElo "2402"]
[BlackElo "2300"]
[PlyCount "26"]
[TimeControl "300"]

{48MB, Shredder9.ctg, COMPUTER} 1. d4 Nf6 2. Bg5 d5 3. e3 Bf5 4. Bxf6 gxf6 5.
c4 Bxb1 6. Rxb1 c6 7. a3 Qa5+ 8. Qd2 Qxd2+ 9. Kxd2 dxc4 10. Bxc4 Nd7 11. Nf3 f5
12. Ke2 e6 13. Rhc1 Bd6 1/2-1/2

[Event "IV Muhamedzjanov Memorial "]
[Site "CCC"]
[Date "2007.06.13"]
[Round "3"]
[White "Balashov, Yuri"]
[Black "Zubarev, Alexander"]
[Result "1/2-1/2"]
[ECO "B20"]
[WhiteElo "2467"]
[BlackElo "2511"]
[PlyCount "59"]
[TimeControl "300"]

{48MB, Shredder9.ctg, COMPUTER} 1. e4 c5 2. b3 d6 3. f4 Nf6 4. Qf3 Nc6 5. Bb2
e6 6. Nc3 Nd4 7. Qd3 Be7 8. Nf3 Nc6 9. O-O-O O-O 10. Kb1 a6 11. Rg1 b5 12. g4
d5 13. e5 Nd7 14. Rg3 c4 15. Qe2 Nc5 16. Qg2 d4 17. Nxd4 Qxd4 18. Qxc6 Bb7 19.
Qc7 Bd8 20. Qd6 Qf2 21. b4 Ne4 22. Nxe4 Bxe4 23. Qd4 Qxd4 24. Bxd4 Be7 25. d3
cxd3 26. cxd3 Bd5 27. Bc5 Bxc5 28. bxc5 f6 29. Bg2 fxe5 30. fxe5 1/2-1/2

[Event "IV Muhamedzjanov Memorial "]
[Site "CCC"]
[Date "2007.06.13"]
[Round "3"]
[White "Kupreichik, Viktor"]
[Black "Markosian, David"]
[Result "1/2-1/2"]
[ECO "A46"]
[WhiteElo "2402"]
[BlackElo "2352"]
[PlyCount "30"]
[TimeControl "300"]

{48MB, Shredder9.ctg, COMPUTER} 1. d4 Nf6 2. Nf3 d6 3. Bf4 g6 4. h3 Bg7 5. Nbd2
O-O 6. e4 Nc6 7. Bh2 Nd7 8. d5 Nce5 9. c3 Nxf3+ 10. Nxf3 c6 11. Be2 Qb6 12. Qc2
cxd5 13. exd5 Nf6 14. Rd1 Bf5 15. Bd3 Bd7 1/2-1/2

[Event "IV Muhamedzjanov Memorial "]
[Site "CCC"]
[Date "2007.06.13"]
[Round "3"]
[White "Alavkin, Arseny"]
[Black "Zhidkov, Valery"]
[Result "1/2-1/2"]
[ECO "E16"]
[WhiteElo "2493"]
[BlackElo "2351"]
[PlyCount "89"]
[TimeControl "300"]

{48MB, Shredder9.ctg, COMPUTER} 1. d4 Nf6 2. c4 e6 3. Nf3 Bb4+ 4. Nbd2 b6 5. g3
Bb7 6. Bg2 Ne4 7. O-O Nxd2 8. Bxd2 Bxd2 9. Qxd2 d5 10. cxd5 exd5 11. Ne5 Nd7
12. Nxd7 Qxd7 13. Qe3+ Qe7 14. Rac1 Qxe3 15. fxe3 c6 16. Bxd5 cxd5 17. Rc7 Bc8
18. Rfxf7 Bh3 19. Kf2 Rc8 20. Rce7+ Kd8 21. Rxa7 Rc2 22. e4 dxe4 23. Ke3 Bg4
24. Ra8+ Rc8 25. Rxc8+ Kxc8 26. Rxg7 h5 27. Re7 Bf5 28. d5 h4 29. Re5 hxg3 30.
hxg3 Rf8 31. g4 Bxg4 32. Rxe4 Bd7 33. Rb4 Kc7 34. Kd4 Rf2 35. e4 b5 36. Ke5 Re2
37. a3 Re3 38. b3 Re1 39. a4 bxa4 40. bxa4 Ra1 41. Kf6 Kd6 42. Rb6+ Kc5 43. Rb7
Bxa4 44. Ke6 Rh1 45. Ke5 1/2-1/2

[Event "IV Muhamedzjanov Memorial "]
[Site "CCC"]
[Date "2007.06.13"]
[Round "3"]
[White "Andreev, Eduard"]
[Black "Akhmadeev, Vadim"]
[Result "1-0"]
[ECO "B67"]
[WhiteElo "2433"]
[BlackElo "2430"]
[PlyCount "75"]
[TimeControl "300"]

{48MB, Shredder9.ctg, COMPUTER} 1. e4 c5 2. Nf3 d6 3. d4 cxd4 4. Nxd4 Nf6 5.
Nc3 Nc6 6. Bg5 e6 7. Qd2 a6 8. O-O-O Bd7 9. f4 b5 10. Bxf6 gxf6 11. Kb1 Qb6 12.
Nxc6 Bxc6 13. f5 Qc5 14. Bd3 h5 15. Qe1 Be7 16. Qg3 a5 17. fxe6 fxe6 18. Rhe1
O-O-O 19. Nd5 Rhe8 20. Nf4 Bd7 21. Be2 Rg8 22. Qf3 h4 23. a4 bxa4 24. e5 Kb8
25. exf6 Bxf6 26. Nd3 Qg5 27. Qf2 Bc6 28. Qb6+ Bb7 29. Bf3 Rg7 30. Rxe6 Rgd7
31. Rxd6 Be7 32. Rxd7 Rxd7 33. Re1 Rc7 34. Re5 Qf6 35. Re6 Qg5 36. Rg6 Qf5 37.
Rg8+ Bf8 38. Qd6 1-0

[Event "IV Muhamedzjanov Memorial "]
[Site "CCC"]
[Date "2007.06.13"]
[Round "4"]
[White "Zubarev, Alexander"]
[Black "Andreev, Eduard"]
[Result "1/2-1/2"]
[ECO "B52"]
[WhiteElo "2511"]
[BlackElo "2433"]
[PlyCount "33"]
[TimeControl "300"]

{48MB, Shredder9.ctg, COMPUTER} 1. e4 c5 2. Nf3 d6 3. Bb5+ Bd7 4. Bxd7+ Qxd7 5.
O-O Nc6 6. c3 Nf6 7. Qe2 e6 8. d4 cxd4 9. cxd4 d5 10. e5 Ne4 11. Be3 Be7 12.
Ne1 f6 13. f3 Ng5 14. Nd3 b6 15. Nc3 O-O 16. Bf2 Rac8 17. Rac1 1/2-1/2

[Event "IV Muhamedzjanov Memorial "]
[Site "CCC"]
[Date "2007.06.13"]
[Round "4"]
[White "Alavkin, Arseny"]
[Black "Balashov, Yuri"]
[Result "1/2-1/2"]
[ECO "C95"]
[WhiteElo "2493"]
[BlackElo "2467"]
[PlyCount "80"]
[TimeControl "300"]

{48MB, Shredder9.ctg, COMPUTER} 1. e4 e5 2. Nf3 Nc6 3. Bb5 a6 4. Ba4 Nf6 5. O-O
Be7 6. Re1 b5 7. Bb3 d6 8. c3 O-O 9. h3 Re8 10. Ng5 Rf8 11. Nf3 Nb8 12. d4 Nbd7
13. Nbd2 Bb7 14. a4 c5 15. d5 c4 16. Bc2 Nc5 17. Qe2 Nh5 18. Nf1 g6 19. Bh6 Ng7
20. Ng3 Qd7 21. axb5 axb5 22. Nh2 f5 23. Rxa8 Bxa8 24. exf5 gxf5 25. Qd2 Bh4
26. Nh5 Nxh5 27. Bxf8 Nf4 28. Bh6 Nfd3 29. Bxd3 Nxd3 30. Rf1 Bxd5 31. g3 Bf6
32. Bg5 Bg7 33. Bh6 f4 34. Ng4 Bf3 35. Bxg7 Kxg7 36. Nh2 Bb7 37. g4 e4 38. Qe2
Qd8 39. Ra1 Qb6 40. Nf3 exf3 1/2-1/2

[Event "IV Muhamedzjanov Memorial "]
[Site "CCC"]
[Date "2007.06.13"]
[Round "4"]
[White "Markosian, David"]
[Black "Mingachev, Mansur"]
[Result "1-0"]
[ECO "A16"]
[WhiteElo "2352"]
[BlackElo "2402"]
[PlyCount "93"]
[TimeControl "300"]

{48MB, Shredder9.ctg, COMPUTER} 1. Nf3 Nf6 2. c4 g6 3. Nc3 d5 4. cxd5 Nxd5 5.
Qa4+ c6 6. Qd4 Rg8 7. g3 Bg7 8. Qa4 Nb6 9. Qd1 Bg4 10. Bg2 N8d7 11. h3 Bxf3 12.
Bxf3 Qc7 13. d3 O-O-O 14. a4 Nf6 15. a5 Nbd5 16. a6 Nxc3 17. axb7+ Qxb7 18.
bxc3 Nd5 19. Bd2 Bxc3 20. Bxc3 Nxc3 21. Qc2 Nd5 22. O-O Rd6 23. Bxd5 Rxd5 24.
Rxa7 Qxa7 25. Qxc6+ Qc7 26. Qxd5 e6 27. Qa8+ Qb8 28. Rc1+ Kd7 29. Qa4+ Ke7 30.
Qh4+ g5 31. Qxh7 Rh8 32. Rc7+ Kd6 33. Rb7 Rxh7 34. Rxb8 Rxh3 35. Kg2 Rh7 36. d4
f6 37. Rb6+ Kd5 38. g4 Ra7 39. Kf3 Re7 40. e3 Re8 41. Ra6 Re7 42. Ra8 e5 43.
Ra5+ Ke6 44. d5+ Kf7 45. Ke4 Rb7 46. Kf5 Rb2 47. Ra7+ 1-0

[Event "IV Muhamedzjanov Memorial "]
[Site "CCC"]
[Date "2007.06.13"]
[Round "4"]
[White "Akhamdeev, Vadim"]
[Black "Kupreichik, Viktor"]
[Result "1-0"]
[ECO "D11"]
[WhiteElo "2430"]
[BlackElo "2402"]
[PlyCount "121"]
[TimeControl "300"]

{48MB, Shredder9.ctg, COMPUTER} 1. d4 d5 2. c4 dxc4 3. Nf3 c6 4. a4 Nf6 5. e3
Be6 6. Na3 Bd5 7. Nxc4 e6 8. Bd3 c5 9. O-O Nc6 10. Nce5 cxd4 11. Nxc6 bxc6 12.
Nxd4 Bc5 13. Ne2 Bd6 14. Nc3 Qb8 15. h3 O-O 16. e4 Bb3 17. Qe2 Nd7 18. Be3 Rd8
19. f4 e5 20. f5 Bc5 21. Bxc5 Nxc5 22. Bc4 Rd4 23. Bxb3 Qxb3 24. f6 g6 25. Rf3
Qb4 26. Re1 Rad8 27. Kh1 Nd3 28. Rb1 h6 29. Re3 Nf4 30. Qf3 Rd2 31. Ne2 Ne6 32.
b3 Rd1+ 33. Rxd1 Rxd1+ 34. Ng1 Qd4 35. Qf2 Ng5 36. Kh2 Nxe4 37. Qe2 Ng5 38. Qf2
e4 39. Ne2 Qa1 40. Ng3 Qd4 41. Qf4 Qd6 42. Qxd6 Rxd6 43. h4 Rd3 44. Re2 Ne6 45.
Rxe4 Rxb3 46. h5 gxh5 47. Nf5 Kh7 48. Re5 Kg6 49. Ra5 Rb7 50. Ne7+ Kxf6 51.
Nxc6 h4 52. Nxa7 Rb2 53. Kh3 Nf4+ 54. Kxh4 Rxg2 55. Ra6+ Kf5 56. Ra5+ Ke4 57.
Rb5 h5 58. Rg5 Ra2 59. Nb5 f6 60. Nc3+ Kd3 61. Rg3+ 1-0

[Event "IV Muhamedzjanov Memorial "]
[Site "Naberezhnye Chelny"]
[Date "2007.06.14"]
[Round "5"]
[White "Kupreichik, Viktor"]
[Black "Zubarev, Alexander"]
[Result "1/2-1/2"]
[ECO "E11"]
[WhiteElo "2402"]
[BlackElo "2511"]
[PlyCount "20"]
[TimeControl "300"]

{48MB, Shredder9.ctg, COMPUTER} 1. d4 Nf6 2. c4 e6 3. Nf3 Bb4+ 4. Bd2 Qe7 5. g3
Bxd2+ 6. Nbxd2 d6 7. Bg2 O-O 8. O-O e5 9. e4 Nc6 10. d5 Nb8 1/2-1/2

[Event "IV Muhamedzjanov Memorial "]
[Site "Naberezhnye Chelny"]
[Date "2007.06.14"]
[Round "5"]
[White "Andreev, Eduard"]
[Black "Alavkin, Arseny"]
[Result "1/2-1/2"]
[ECO "C06"]
[WhiteElo "2433"]
[BlackElo "2493"]
[PlyCount "31"]
[TimeControl "300"]

{48MB, Shredder9.ctg, COMPUTER} 1. e4 e6 2. d4 d5 3. Nd2 Nf6 4. e5 Nfd7 5. Bd3
c5 6. c3 Nc6 7. Ne2 cxd4 8. cxd4 f6 9. exf6 Nxf6 10. Nf3 Bd6 11. O-O Qc7 12.
Nc3 a6 13. Bg5 O-O 14. Bh4 Nh5 15. Rc1 Bd7 16. Na4 1/2-1/2

[Event "IV Muhamedzjanov Memorial "]
[Site "Naberezhnye Chelny"]
[Date "2007.06.14"]
[Round "5"]
[White "Balashov, Yuri"]
[Black "Zhidkov, Valery"]
[Result "1/2-1/2"]
[ECO "C27"]
[WhiteElo "2467"]
[BlackElo "2351"]
[PlyCount "30"]
[TimeControl "300"]

{48MB, Shredder9.ctg, COMPUTER} 1. e4 e5 2. Bc4 Nf6 3. Nc3 Nxe4 4. Qh5 Nd6 5.
Qxe5+ Qe7 6. Qxe7+ Bxe7 7. Bb3 Nf5 8. Nf3 c6 9. d3 d5 10. Ne2 O-O 11. c3 Nd7
12. Bc2 Nf6 13. O-O Re8 14. Re1 Bd7 15. a4 a5 1/2-1/2

[Event "IV Muhamedzjanov Memorial "]
[Site "Naberezhnye Chelny"]
[Date "2007.06.14"]
[Round "5"]
[White "Mingachev, Mansur"]
[Black "Akhmadeev, Vadim"]
[Result "1-0"]
[ECO "E04"]
[WhiteElo "2402"]
[BlackElo "2430"]
[PlyCount "114"]
[TimeControl "300"]

{48MB, Shredder9.ctg, COMPUTER} 1. d4 d5 2. c4 e6 3. Nf3 Nf6 4. g3 dxc4 5. Bg2
a6 6. O-O Nc6 7. e3 Rb8 8. Qe2 b5 9. b3 cxb3 10. axb3 Bb4 11. Bb2 O-O 12. Rd1
Qe7 13. Qc2 Rb6 14. Nc3 h6 15. Ne5 Nb8 16. Nd3 a5 17. Nxb4 axb4 18. Ne4 Nxe4
19. Bxe4 Bb7 20. Rac1 Bxe4 21. Qxe4 Re8 22. d5 e5 23. Rc2 Na6 24. Rdc1 Rd6 25.
Rc6 Qd7 26. Qc2 Rxd5 27. Rxa6 Rd2 28. Qb1 Qd5 29. Rf1 Qxb3 30. Ba1 Qc4 31. Bxe5
b3 32. Qa1 Red8 33. Bxg7 Qxf1+ 34. Qxf1 Rd1 35. Bf6 Rxf1+ 36. Kxf1 Rd2 37. Ra1
c5 38. h4 h5 39. g4 Kh7 40. gxh5 Kh6 41. Kg2 b4 42. Ra6 Kxh5 43. Kg3 Kg6 44.
Rb6 Kh7 45. h5 Rd8 46. Kf4 Rc8 47. Kf5 Kg8 48. Rb7 Kf8 49. h6 Kg8 50. h7+ Kxh7
51. Rxf7+ Kg8 52. Rb7 Rc6 53. Be5 Kf8 54. f4 Ke8 55. Ke4 Re6 56. Kd3 Kd8 57.
Rb5 Rh6 1-0

[Event "IV Muhamedzjanov Memorial "]
[Site "Naberezhnye Chelny"]
[Date "2007.06.14"]
[Round "5"]
[White "Vorontsov, Nickolay"]
[Black "Markosian, David"]
[Result "0-1"]
[ECO "C41"]
[WhiteElo "2300"]
[BlackElo "2352"]
[PlyCount "98"]
[TimeControl "300"]

{48MB, Shredder9.ctg, COMPUTER} 1. e4 d6 2. d4 Nf6 3. Nc3 e5 4. Nf3 Nbd7 5. Bc4
Be7 6. O-O O-O 7. Re1 c6 8. a4 a5 9. h3 exd4 10. Nxd4 Nc5 11. Qf3 Be6 12. Ba2
Nfd7 13. Nf5 Bxf5 14. Qxf5 Qb6 15. Rb1 Bf6 16. Bf4 Be5 17. Bxe5 Nxe5 18. Kh1
Qb4 19. Re3 Rae8 20. f4 Ng6 21. h4 d5 22. h5 Ne7 23. Qg4 Qd4 24. Rbe1 Nc8 25.
h6 g6 26. Qf3 dxe4 27. Nxe4 Nxe4 28. Rxe4 Rxe4 29. Qxe4 Qd8 30. g3 Nd6 31. Qe7
Qxe7 32. Rxe7 Rd8 33. Kg2 Kf8 34. Rc7 Ke8 35. Kf3 Rb8 36. g4 Kd8 37. Rxf7 Nxf7
38. Bxf7 Ke7 39. Bb3 b5 40. axb5 cxb5 41. g5 a4 42. Bd5 b4 43. f5 gxf5 44. Kf4
a3 45. bxa3 bxa3 46. Ba2 Kf8 47. Kxf5 Rb2 48. g6 Rb5+ 49. Kg4 hxg6 0-1

[Event "IV Muhamedzjanov Memorial "]
[Site "Naberezhnye Chelny"]
[Date "2007.06.15"]
[Round "6"]
[White "Balashov, Yuri"]
[Black "Andreev, Eduard"]
[Result "1/2-1/2"]
[ECO "A46"]
[WhiteElo "2467"]
[BlackElo "2433"]
[PlyCount "26"]
[TimeControl "300"]

{48MB, Shredder9.ctg, COMPUTER} 1. d4 Nf6 2. Nf3 e6 3. Bg5 h6 4. Bxf6 Qxf6 5.
e4 d6 6. Nc3 Nd7 7. Qd2 g6 8. h4 a6 9. O-O-O Bg7 10. h5 g5 11. Nh2 Qe7 12. g3
c5 13. dxc5 Nxc5 1/2-1/2

[Event "IV Muhamedzjanov Memorial "]
[Site "Naberezhnye Chelny"]
[Date "2007.06.15"]
[Round "6"]
[White "Alavkin, Arseny"]
[Black "Kupreichik, Viktor"]
[Result "1-0"]
[ECO "C94"]
[WhiteElo "2493"]
[BlackElo "2402"]
[PlyCount "49"]
[TimeControl "300"]

{48MB, Shredder9.ctg, COMPUTER} 1. e4 e5 2. Nf3 Nc6 3. Bb5 a6 4. Ba4 Nf6 5. O-O
Be7 6. Re1 b5 7. Bb3 O-O 8. h3 d6 9. c3 Nb8 10. d3 Re8 11. a4 Bb7 12. Ng5 Rf8
13. f4 exf4 14. Bxf4 h6 15. Nf3 Nbd7 16. axb5 axb5 17. Rxa8 Qxa8 18. Nd4 Nc5
19. Nf5 Re8 20. Re3 Bc8 21. Nxh6+ gxh6 22. Rg3+ Kh7 23. Bxf7 Rg8 24. Bxg8+ Nxg8
25. Qh5 1-0

[Event "IV Muhamedzjanov Memorial "]
[Site "Naberezhnye Chelny"]
[Date "2007.06.15"]
[Round "6"]
[White "Akhmadeev, Vadim"]
[Black "Vorontsov, Nickolay"]
[Result "1-0"]
[ECO "D82"]
[WhiteElo "2430"]
[BlackElo "2300"]
[PlyCount "73"]
[TimeControl "300"]

{48MB, Shredder9.ctg, COMPUTER} 1. d4 Nf6 2. c4 g6 3. Nc3 d5 4. Bf4 Bg7 5. e3
c5 6. dxc5 Qa5 7. Rc1 Ne4 8. cxd5 Nxc3 9. Qd2 Qxa2 10. bxc3 Qxd2+ 11. Kxd2 Nd7
12. Bb5 O-O 13. Bxd7 Bxd7 14. e4 f5 15. e5 e6 16. c4 Rfc8 17. c6 bxc6 18. d6 g5
19. Bxg5 Bxe5 20. c5 Rcb8 21. Nf3 Bg7 22. Bf4 Rb2+ 23. Rc2 Rb4 24. g3 Rab8 25.
Be5 Bh6+ 26. Ke2 Re4+ 27. Kf1 Rb3 28. Kg2 Rxf3 29. Kxf3 Rxe5 30. Ra1 Be8 31.
Rxa7 Bh5+ 32. Kg2 Rd5 33. Rb2 Rd3 34. f4 Bg7 35. Rb8+ Bf8 36. d7 Rd2+ 37. Kf1
1-0

[Event "IV Muhamedzjanov Memorial "]
[Site "Naberezhnye Chelny"]
[Date "2007.06.15"]
[Round "6"]
[White "Zhidkov, Valery"]
[Black "Markosian, David"]
[Result "0-1"]
[ECO "E67"]
[WhiteElo "2351"]
[BlackElo "2352"]
[PlyCount "104"]
[TimeControl "300"]

{48MB, Shredder9.ctg, COMPUTER} 1. d4 Nf6 2. Nf3 g6 3. g3 Bg7 4. Bg2 O-O 5. c4
d6 6. O-O Nbd7 7. Qc2 e5 8. Rd1 Re8 9. Nc3 c6 10. dxe5 dxe5 11. Ng5 Qc7 12.
Nce4 Nxe4 13. Nxe4 Nf6 14. Nd6 Rd8 15. Nxc8 Rxd1+ 16. Qxd1 Rxc8 17. Qc2 Bf8 18.
Bg5 Nd7 19. Rd1 Nc5 20. Bh3 Re8 21. b4 Ne6 22. Bxe6 Rxe6 23. c5 f6 24. Qc4 Qf7
25. Bc1 Re7 26. Qxf7+ Kxf7 27. Kg2 Ke8 28. e4 Rc7 29. f4 exf4 30. gxf4 Rc8 31.
Bb2 Be7 32. Kf3 a5 33. a3 axb4 34. axb4 Ra8 35. Ra1 Rxa1 36. Bxa1 f5 37. h3 Bh4
38. Bc3 Kd7 39. Ke3 Ke6 40. Kd3 Bd8 41. Bb2 Be7 42. Bc1 Kd7 43. exf5 gxf5 44.
Kc4 Ke6 45. Be3 Kf6 46. Kd3 Kg6 47. Ke2 Kh5 48. Kf3 Bd8 49. Bf2 Bf6 50. Be1 Bd4
51. Ke2 Bb2 52. Kf3 Bc1 0-1